 Dungeon Crawl Stone Soup version 0.28.0-53-g5a82cb258f (webtiles) character file.

Game seed: 16397541100456357729

453 MisterFreud the Covert (level 7, -3/59 HPs)
             Began as a Gnoll Delver on June 20, 2022.
             Slain by an iguana (11 damage)
             ... on level 3 of the Dungeon.
             The game lasted 00:02:31 (1137 turns).

MisterFreud the Covert (Gnoll Delver)               Turns: 1137, Time: 00:02:31

Health: -3/59      AC:  3    Str: 11    XL:     7   Next: 5%
Magic:  10/10      EV: 13    Int: 12    God:
Gold:   71         SH:  0    Dex: 13    Spells: 10/10 levels left

rFire   . . .      SeeInvis .   a - +0 short sword
rCold   . . .      Faith    .   (no shield)
rNeg    . . .      Spirit   .   b - +0 leather armour
rPois   .          Reflect  .   (no helmet)
rElec   .          Harm     .   (no cloak)
rCorr   .          Rampage  .   (no gloves)
Will    .....                   (no boots)
Stlth   ++++......              (no amulet)
HPRegen 0.19/turn               (no ring)
MPRegen 0.12/turn               (no ring)

@: no status effects
A: fangs 1, strong nose, distributed training
a: no special abilities


You were on level 3 of the Dungeon.
You visited 1 branch of the dungeon, and saw 4 of its levels.

You collected 71 gold pieces.

Inventory:

Hand Weapons
 a - a +0 short sword (weapon)
Armour
 b - a +0 leather armour (worn)
Wands
 g - a wand of digging (3)
Scrolls
 c - a scroll of fog
 d - 2 scrolls of magic mapping
 e - a scroll of fear
 h - 4 scrolls of identify {unknown}
 i - a scroll of silence {unknown}
Potions
 f - a potion of haste


   Skills:
 + Level 6.9 Fighting
 + Level 5.1 Short Blades
 + Level 2.2 Long Blades
 + Level 2.2 Axes
 + Level 2.2 Maces & Flails
 + Level 2.2 Polearms
 + Level 2.2 Staves
 + Level 2.2 Slings
 + Level 2.2 Bows
 + Level 2.2 Crossbows
 + Level 2.2 Throwing
 + Level 2.2 Armour
 + Level 5.1 Dodging
 + Level 9.8 Stealth
 + Level 2.2 Shields
 + Level 2.2 Unarmed Combat
 + Level 2.2 Spellcasting
 + Level 1.8 Conjurations
 + Level 1.8 Hexes
 + Level 1.8 Summonings
 + Level 1.8 Necromancy
 + Level 1.8 Translocations
 + Level 1.8 Transmutations
 + Level 1.8 Fire Magic
 + Level 1.8 Ice Magic
 + Level 1.8 Air Magic
 + Level 1.8 Earth Magic
 + Level 1.8 Poison Magic
 + Level 2.5 Invocations
 + Level 2.2 Evocations


You had 10 spell levels left.
You didn't know any spells.
Your spell library contained the following spells:

 Spells                   Type           Power      Damage    Failure   Level
 Corpse Rot               Necr/Air       10%        N/A       26%         2
 Sublimation of Blood     Necr           5%         N/A       26%         2
 Wereblood                Tmut           5%         N/A       26%         2
 Dispel Undead            Necr           5%         3d7       86%         4
 Death Channel            Necr           2%         N/A       100%        6
 Summon Hydra             Summ           2%         N/A       100%        7


Dungeon Overview and Level Annotations

Branches:
Dungeon (6/15)
 Temple: D:4-7

Altars:

Shops:
D:5 (

Annotations:
D:6 2 transporters


Innate Abilities, Weirdness & Mutations

You have very sharp teeth.
Your uncanny sense of smell can sniff out nearby items.
Your experience applies equally to all skills.


Message History

The iguana is severely wounded.
The iguana hisses menacingly.
The iguana misses you.
You hit the iguana.
The iguana is severely wounded.
The iguana barely misses you.
You barely miss the iguana.
The iguana is severely wounded.
The iguana misses you.
You closely miss the iguana.
The iguana is heavily wounded.
The iguana barely misses you.
You hit the iguana. You bite the iguana, but do no damage.
The iguana is severely wounded.
You hit the iguana but do no damage.
The iguana is severely wounded.
The iguana closely misses you.
You hit the iguana. Your bite misses the iguana.
The iguana is almost dead.
The iguana closely misses you.
You hit the iguana but do no damage. Your bite misses the iguana.
The iguana is almost dead.
The iguana bites you.
* * * LOW HITPOINT WARNING * * *
You hit the iguana but do no damage.
The iguana is almost dead.
The iguana bites you but does no damage.
You barely miss the iguana.
The iguana is almost dead.
The iguana bites you.
* * * LOW HITPOINT WARNING * * *
You hit the iguana but do no damage.
The iguana is almost dead.
You hit the iguana.
The iguana is almost dead.
The iguana barely misses you.
You hit the iguana.
The iguana is almost dead.
The iguana bites you!
You die...

.........
.........
###.....#####.#
..............#
#..# ∆ #..#
#..#
..####..#####
........l@>.#
.#####.†.##.#
##.†##.#
#..#..# #..#.##
#..#.# ...#.#
...#.# #####.#


You could see an iguana.

Vanquished Creatures
  A necrophage (D:5)
  A sky beast (D:6)
  An ogre (D:6)
  A water moccasin skeleton (D:5)
  2 hounds
  A centaur skeleton (D:6)
  A gnoll (D:3)
  4 adders
  A giant cockroach (D:4)
  A hobgoblin (D:3)
  4 jackals (D:4)
  A quokka (D:3)
  A bat (D:3)
  2 kobolds (D:4)
22 creatures vanquished.

Notes
Turn   | Place    | Note
-------+----------+-------------------------------------------
     0 | D:5      | Reached skill level 9 in Stealth
     0 | D:5      | MisterFreud the Gnoll Delver began the quest for the Orb.
     0 | D:5      | Reached XP level 1. HP: 23/23 MP: 1/1
     1 | D:6      | Noticed a hound
     3 | D:6      | Killed a hound
     4 | D:6      | Reached XP level 2. HP: 29/29 MP: 2/2
     4 | D:6      | Reached XP level 3. HP: 35/35 MP: 3/3
    21 | D:6      | Reached skill level 1 in Invocations
    29 | D:6      | Noticed a sky beast
    30 | D:6      | Noticed a necrophage
    82 | D:5      | Killed a necrophage
    83 | D:5      | Reached skill level 1 in Long Blades
    83 | D:5      | Reached skill level 1 in Axes
    83 | D:5      | Reached skill level 1 in Maces & Flails
    83 | D:5      | Reached skill level 1 in Polearms
    83 | D:5      | Reached skill level 1 in Staves
    83 | D:5      | Reached skill level 1 in Slings
    83 | D:5      | Reached skill level 1 in Bows
    83 | D:5      | Reached skill level 1 in Crossbows
    83 | D:5      | Reached skill level 1 in Throwing
    83 | D:5      | Reached skill level 1 in Armour
    83 | D:5      | Reached skill level 1 in Shields
    83 | D:5      | Reached skill level 1 in Unarmed Combat
    83 | D:5      | Reached skill level 1 in Spellcasting
    83 | D:5      | Reached skill level 1 in Conjurations
    83 | D:5      | Reached skill level 1 in Hexes
    83 | D:5      | Reached skill level 1 in Summonings
    83 | D:5      | Reached skill level 1 in Necromancy
    83 | D:5      | Reached skill level 1 in Translocations
    83 | D:5      | Reached skill level 1 in Transmutations
    83 | D:5      | Reached skill level 1 in Fire Magic
    83 | D:5      | Reached skill level 1 in Ice Magic
    83 | D:5      | Reached skill level 1 in Air Magic
    83 | D:5      | Reached skill level 1 in Earth Magic
    83 | D:5      | Reached skill level 1 in Poison Magic
    83 | D:5      | Reached skill level 1 in Evocations
    83 | D:5      | Reached XP level 4. HP: 7/41 MP: 4/6
    83 | D:5      | Reached XP level 5. HP: 8/47 MP: 4/7
   349 | D:6      | Found a transporter.
   350 | D:6      | Killed a sky beast
   362 | D:6      | Found a transporter.
   398 | D:6      | Reached XP level 6. HP: 51/53 MP: 8/8
   414 | D:6      | Reached skill level 5 in Short Blades
   414 | D:6      | Reached skill level 5 in Dodging
   490 | D:6      | Noticed a steam dragon
   637 | D:5      | Found Fukaas's Weapon Boutique.
   919 | D:4      | Reached XP level 7. HP: 59/59 MP: 10/10
  1137 | D:3      | Slain by an iguana

Illustrated notes

Levels and vault maps discovered:
D:3:      layout_loops_ring, kennysheep_cluttered_room, uniq_sigmund
D:4:      layout_gridville
D:5:      layout_loops_ring, serial_shops, shop_fountains, nicolae_shop_crystal,
          nicolae_square_shop, uniq_edmund
D:6:      gammafunk_steamed_eel, layout_loops_ring, uniq_prince_ribbit1,
          uniq_crazy_yiuf_cottage, uniq_eustachio

Skill      XL: |  1  2  3  4  5  6 |
---------------+-------------------+-----
Stealth        | |  9.8
Invocations    | 1 2 |  2.5
Long Blades    | 1 2 |  2.2
Axes           | 1 2 |  2.2
Maces & Flails | 1 2 |  2.2
Polearms       | 1 2 |  2.2
Staves         | 1 2 |  2.2
Slings         | 1 2 |  2.2
Bows           | 1 2 |  2.2
Crossbows      | 1 2 |  2.2
Throwing       | 1 2 |  2.2
Armour         | 1 2 |  2.2
Shields        | 1 2 |  2.2
Unarmed Combat | 1 2 |  2.2
Spellcasting   | 1 2 |  2.2
Conjurations   | 1 |  1.8
Hexes          | 1 |  1.8
Summonings     | 1 |  1.8
Necromancy     | 1 |  1.8
Translocations | 1 |  1.8
Transmutations | 1 |  1.8
Fire Magic     | 1 |  1.8
Ice Magic      | 1 |  1.8
Air Magic      | 1 |  1.8
Earth Magic    | 1 |  1.8
Poison Magic   | 1 |  1.8
Evocations     | 1 2 |  2.2
Short Blades   | 5 |  5.1
Dodging        | 5 |  5.1
Fighting       | |  6.9

Action                   |  1- 3 |  4- 6 |  7- 9 || total
-------------------------+-------+-------+-------++-------
Melee: Short sword       |    40 |    87 |    51 ||   178
       Bite              |     3 |     6 |     6 ||    15
       Punch             |     2 |       |       ||     2
 Stab: Sleeping          |     1 |     4 |     1 ||     6
Armor: Leather armour    |     6 |    21 |     5 ||    32
Dodge: Dodged            |    20 |    61 |    24 ||   105
